 Dungeon Crawl Stone Soup version 0.31-a0-795-g5eb97db20b (webtiles) character file.

Game seed: 5529458129532768163

222 Maratek the Ducker (level 5, -4/37 HPs)
             Began as an Octopode Fighter on Sept 18, 2023.
             Slain by Blork the orc
             ... wielding a +0 scimitar
              (11 damage)
             ... on level 4 of the Dungeon.
             The game lasted 00:02:24 (2641 turns).

Maratek the Ducker (Octopode Fighter)               Turns: 2641, Time: 00:02:25

Health: -4/37      AC:  1    Str: 18    XL:     5   Next: 99%
Magic:  5/5        EV: 13    Int: 10    God:
Gold:   124        SH:  4    Dex: 11    Spells: 4/4 levels left

rFire   . . .        p - +0 falchion (flame)
rCold   . . .        b - +0 buckler
rNeg    . . .        (helmet restricted)
rPois   .            (no amulet)
rElec   .            (no ring)
rCorr   .            (no ring)
SInv    .            (no ring)
Will    .....        (no ring)
Stlth   +++          (no ring)
HPRegen 0.26/turn    (no ring)
MPRegen 0.09/turn    (no ring)
                     (no ring)

%: no passive effects
@: no status effects
A: almost no armour, amphibious, 8 rings, camouflage 1, gelatinous body 1,
(nimble swimmer 1), tentacles
a: no special abilities


You were on level 4 of the Dungeon.
You visited 1 branch of the dungeon, and saw 4 of its levels.

You collected 124 gold pieces.

Inventory:

Hand Weapons
 p - a +0 falchion of flaming (weapon)
Armour
 b - a +0 buckler (worn)
Wands
 n - a wand of paralysis (21)
Scrolls
 d - 2 scrolls of noise {unknown}
 f - a scroll of enchant armour {unknown}
 i - a scroll of amnesia {unknown}
 j - 2 scrolls of poison {unknown}
 m - 3 scrolls of identify {unknown}
Potions
 c - a potion of might
 e - a potion of degeneration {unknown}
 g - 4 potions of attraction {unknown}
 h - a potion of lignification {unknown}
 k - a potion of experience {unknown}
 l - a potion of curing {unknown}
 o - a potion of berserk rage {unknown}


   Skills:
 + Level 3.7 Fighting
 + Level 3.5 Maces & Flails
 + Level 4.0 Dodging
 + Level 3.5 Stealth
 + Level 3.4 Shields


You had 4 spell levels left.
You didn't know any spells.
Your spell library contained the following spells:

 Spells                   Type           Power      Damage    Failure   Level
 Blink                    Tloc           0%         N/A       58%         2
 Lesser Beckoning         Tloc           0%         N/A       58%         2
 Momentum Strike          Conj/Tloc      0%         3d8       58%         2


Dungeon Overview and Level Annotations

Branches:
Dungeon (4/15)
 Temple: D:4-7

Altars:

Annotations:
D:3 1 runed translucent door, Crazy Yiuf
D:4 Blork the orc


Innate Abilities, Weirdness & Mutations

You cannot wear most types of armour.
You are amphibious.
You can wear up to eight rings at the same time.
Your skin changes colour to match your surroundings (Stealth+).
Your rubbery body absorbs attacks. (AC +1, EV +1)
((You are camouflaged when in or above water. (Stealth+)))
You have tentacles for arms and can constrict up to eight enemies at once.


Message History

You completely miss the adder.
The adder is moderately wounded.
You constrict the adder. The adder closely misses you.
You block the adder's attack.
You barely miss the adder.
The adder is heavily wounded.
You constrict the adder.
You kill the adder!
No target in view!
No target in view!
You are no longer corroded.
Blork the orc comes into view.
He is wielding a +0 scimitar.
Blork the orc is nearby!
Blork the orc is nearby!
Blork the orc shouts!
Blork the orc casts a spell.
Blork the orc seems to speed up.
Blork the orc barely misses you. Blork the orc misses you.
You hit Blork the orc. You burn Blork the orc. Your grab misses Blork the orc.
Blork the orc is lightly wounded.
Blork the orc barely misses you. You block Blork the orc's attack.
You barely miss Blork the orc. Your grab misses Blork the orc.
Blork the orc is lightly wounded.
Blork the orc hits you with a +0 scimitar! x2
You are too injured to fight recklessly!
You are too injured to fight recklessly!
You are too injured to fight recklessly!
You are too injured to fight recklessly!
You hit Blork the orc. You burn Blork the orc. You grab Blork the orc.
Blork the orc is lightly wounded.
You constrict Blork the orc.
Blork the orc gestures at you while chanting.
The magic dart hits you!
* * * LOW HITPOINT WARNING * * *
Blork the orc barely misses you.
You hit Blork the orc. You burn Blork the orc.
Blork the orc is heavily wounded.
You constrict Blork the orc.
Blork the orc hits you with a +0 scimitar!
You die...

####### #####.....#
#.........#
#......o..#
#.....@...#
#.........#
#.........#
#.........#
#............
########....##.#####
............# .#
..........#.#.##
..........#...#


You could see Blork the orc (fast).

Vanquished Creatures
  A hound (D:3)
  A jelly (D:4)
  An iguana (D:3)
  Ijyb (D:3)
  6 adders
  A worm (D:2)
  A dart slug (D:3)
  3 orcs (D:3)
  2 ball pythons
  3 endoplasms
  A giant cockroach (D:3)
  3 goblins
  3 hobgoblins
  9 jackals
  3 kobolds
  A quokka (D:3)
  4 bats
  3 frilled lizards
  2 rats (D:1)
49 creatures vanquished.

Notes
Turn   | Place    | Note
-------+----------+-------------------------------------------
     0 | D:1      | Maratek the Octopode Fighter began the quest for the Orb.
     0 | D:1      | Reached XP level 1. HP: 16/16 MP: 1/1
   127 | D:1      | Found a faded altar of an unknown god.
   327 | D:1      | Reached XP level 2. HP: 21/21 MP: 2/2
   645 | D:2      | Reached skill level 1 in Stealth
   670 | D:2      | Reached XP level 3. HP: 22/26 MP: 3/3
  1322 | D:3      | Reached XP level 4. HP: 24/31 MP: 4/4
  1583 | D:3      | Noticed Ijyb
  1607 | D:3      | Killed Ijyb
  1608 | D:3      | Reached XP level 5. HP: 36/36 MP: 5/5
  1987 | D:3      | Found a runed translucent door.
  1988 | D:3      | Noticed Crazy Yiuf
  2620 | D:4      | Reached skill level 4 in Dodging
  2632 | D:4      | Noticed Blork the orc
  2641 | D:4      | Slain by Blork the orc

Illustrated notes

Levels and vault maps discovered:
D:1:      dreamdust_arrival_sigmund_warning, layout_basic,
          hellmonk_ecumenical_altar_inner_sanctum, minmay_misc_feat_ornament,
          nrook_mini_vaults
D:2:      layout_basic
D:3:      layout_loops_corners, grunt_ministairs_14,
          minmay_misc_feat_more_columns, uniq_crazy_yiuf_cottage, uniq_ijyb
D:4:      layout_basic, lemuel_coloured_pillars_altar,
          nicolae_gozag_seed_capital, uniq_menkaure, uniq_pikel,
          uniq_blork_the_orc

Skill      XL: |  1  2  3  4  5 |
---------------+----------------+-----
Stealth        | 1 2 3 |  3.5
Maces & Flails | 3 |  3.5
Dodging        | 4 |  4.0
Fighting       | |  3.7
Shields        | |  3.4

Action                     |  1- 3 |  4- 6 || total
---------------------------+-------+-------++-------
  Melee: Flail             |    48 |    46 ||    94
         Constrict         |    14 |    14 ||    28
         Tentacles         |    10 |    12 ||    22
         Punch             |       |     1 ||     1
         Falchion          |       |     9 ||     9
   Stab: Sleeping          |     5 |     4 ||     9
 Armour: Skin              |    20 |    25 ||    45
  Dodge: Dodged            |    36 |    45 ||    81
  Block: Buckler           |     9 |    11 ||    20

Table legend: (Time is in decaauts)
 A = Elapsed time spent in this place.
 B = Non-inter-level travel time spent in this place.
 C = Inter-level travel time spent in this place.
 D = Time resting spent in this place.
 E = Time spent auto-exploring this place.
 F = Levels seen in this place.
 G = Mean time per level.
                   A        B        C        D        E       F      G
               +--------+--------+--------+--------+--------+-----+--------+
         Total |   2672 |   2456 |    216 |      0 |   2110 |   4 |  668.0 |
       Dungeon |   2672 |   2456 |    216 |      0 |   2110 |   4 |  668.0 |
               +--------+--------+--------+--------+--------+-----+--------+

Top non-repeatable levels by time:
     D:3: 1280 daAuts
     D:2: 750 daAuts
     D:1: 496 daAuts
     D:4: 144 daAuts
